Description

Good eco and def for early game. Marines 35–45 Marauders 12–18 Siege Tanks 4–6 Medivacs 4–6 Ghosts 3–5 Vikings 4–6 if they build air Liberators 2–4

Build Order

Get SALT Encoding   

  14  0:17  Supply Depot  
  16  0:40  Barracks  
  19  1:30  Orbital Command  
  19  1:35  Reaper scout when finnished  
  20  1:45  Supply Depot  
  21  1:55  Marine  
  23  2:15  Factory  
  23  2:20  Bunker  
  24  2:35  Barracks Reactor  
  24  2:40  Refinery  
  26  3:00  Hellion  
  28  3:20  Starport  
  30  3:45  Factory Tech Lab  
  32  4:10  Cyclone  
  34  4:20  Supply Depot  
  36  4:35  Starport Tech Lab  
  38  4:50  Siege Tank  
  40  5:05  Barracks  
  42  5:20  Engineering Bay  
  44  5:30  Refinery  
  46  5:45  Stimpack  
  50  6:00  Barracks  
  50  6:10  Command Center  
  52  6:25  Barracks  
  54  6:40  Engineering Bay  
  56  6:50  Refinery  
  60  7:10  Terran Infantry Armor Level 1  
  60  7:15  Terran Infantry Weapons Level 1  
  65  7:30  Factory  
  70  7:50  Barracks  
  75  8:10  Starport Tech Reactor  
  75  8:20  Starport  
  80  8:45  Siege Tank  
  80  9:00  Medivac  
  85  9:15  Ghost Academy  
  90  9:45  Ghost  
  90  9:55  Liberator  
Spawning Tool Build Advisor. Get it on Overwolf

Go to:

Details

  • Created by: krilleolofsson303@gmail.com
  • Published on: Nov 01, 2026
  • Modified on: Nov 01, 2026
  • Patch: 5.0.16
  • Difficulty: Medium
Show
View Real Time Build Order
Export as new Build Order

Comments (0)

There are no comments. Be the first!

Create an account to comment!